 Dungeon Sprint DCSS version 0.16.1-51-g6203257 (webtiles) character file.

0 IlluminatiRedux the Gusty (level 1, -5/11 HPs)
             Began as a High Elf Air Elementalist on Aug 5, 2015.
             Was a Follower of Lugonu.
             Killed from afar by Sigmund (8 damage)
             ... with a magic dart
             ... in the Dungeon (Sprint VI: "Thunderdome").
             The game lasted 00:01:39 (73 turns).

IlluminatiRedux the Gusty (High Elf Air Elementalist) Turns: 73, Time: 00:01:41

Health: -5/11      AC:  2    Str:  7    XL:     1   Next: 16%
Magic:  1/4        EV: 13    Int: 18    God:    Lugonu [*.....]
Gold:   0          SH:  0    Dex: 15    Spells: 1 memorised, 4 levels left

rFire  . . .     SeeInvis .     (no weapon)
rCold  . . .     Clarity  .     a - +0 robe
rNeg   . . .     SustAb   .     (no shield)
rPois  .         Gourm    .     (no helmet)
rElec  .         Spirit   .     (no cloak)
rCorr  .         Warding  .     (no gloves)
rMut   .         NoTele   +     (no boots)
MR     .....                    (no amulet)
Stlth  ++........               (no ring)
                                (no ring)

@: very slightly contaminated, not resistant to hostile enchantments, unstealthy
A: no striking features
a: Renounce Religion


You were in the Dungeon.
You worshipped Lugonu.
Lugonu was aware of your devotion.
You were not hungry.

You visited 1 branch

Inventory:

Armour
 a - a +0 robe (worn)
Scrolls
 i - a scroll of blinking
Potions
 d - a potion of curing
 e - a potion of heal wounds
 f - a potion of haste
 g - 2 potions of magic
 h - a potion of berserk rage
Books
 b - a book of Air

   Spells                             Type                      Level
   a - Shock                          Conjuration/Air              1
   b - Swiftness                      Charms/Air                   2
   c - Repel Missiles                 Charms/Air                   2
   d - Flight                         Charms/Air                   3
   e - Static Discharge               Conjuration/Air              3
   f - Lightning Bolt                 Conjuration/Air              5
Comestibles
 c - a bread ration


   Skills:
 + Level 2.4 Dodging
 + Level 2.2 Stealth
 + Level 2.7 Spellcasting
 + Level 1.1 Conjurations
 + Level 4.0 Air Magic


You had 4 spell levels left.
You knew the following spells:

 Your Spells              Type           Power        Failure   Level  Hunger
a - Shock                 Conj/Air       ##..         8%          1    #......


Dungeon Overview and Level Annotations

Branches:
Dungeon (1/1)

Altars:
Cheibriados
Gozag
Makhleb
Sif Muna
Xom
Zin
The Shining One
Jiyva
Lugonu

Shops:
D *[%?**[(

Annotations:
D Sigmund


Message History

The zap hits Sigmund.
Sigmund is lightly wounded.
Sigmund zaps a wand.
The magic dart hits you!
Ouch! That really hurt!
* * * LOW HITPOINT WARNING * * *
It is a wand of magic darts.
Sigmund casts a spell at you. You resist with significant effort.
Casting: Shock
Confirm with . or Enter, or press ? or * to list all spells.
Aiming: Shock
Press: ? - help, Shift-Dir - straight line, f/p - Sigmund
Aim: Sigmund, wielding a scythe, wearing an embroidered robe and carrying a wand of magic darts {zapped: 1} (lightly wounded)
You miscast Shock.
You are very lightly contaminated with residual magic.
Your hair stands on end.
Sigmund casts a spell at you. The magic dart hits you!
Ouch! That really hurt!
You die...

∩........8.# .8....
#∩_._......###......
######.8.........8.#
#⌠.........).§
###........@#
#........_#
#_......._#
#_......._#
#∩.......@#
##∩.....∩##
##.....## ##⌠⌠⌠##
#####


You could see Sigmund.

Vanquished Creatures
  A giant newt (D)
  A goblin (D)
2 creatures vanquished.

Notes
Turn   | Place    | Note
--------------------------------------------------------------
     0 | D        | IlluminatiRedux, the High Elf Air Elementalist, began the quest for the Orb.
     0 | D        | Reached XP level 1. HP: 11/11 MP: 4/4
     1 | D        | Found a snail-covered altar of Cheibriados.
     2 | D        | Found an opulent altar of Gozag.
     3 | D        | Found a viscous altar of Jiyva.
     3 | D        | Found a shimmering altar of Xom.
     4 | D        | Found Thisur's Advanced Armour.
     4 | D        | Found Zaizepi's Identification Station.
     4 | D        | Found a deep blue altar of Sif Muna.
     5 | D        | Found a corrupted altar of Lugonu.
     5 | D        | Round 1.
     6 | D        | Found Icwat's Jewellery.
     6 | D        | Found Ogexes' Bee Food.
    26 | D        | Became a worshipper of Lugonu the Unformed
    26 | D        | Acquired Lugonu's first power
    39 | D        | Found Ciloodul's Premium Goods.
    40 | D        | Found Wadusaus' Miscellaneous Merchandise.
    42 | D        | Found a burning altar of Makhleb.
    42 | D        | Found a glowing silver altar of Zin.
    43 | D        | Found a glowing golden altar of the Shining One.
    44 | D        | Found Osmeafi's Weapon Rack.
    44 | D        | Found Mnaem's Basic Armour.
    68 | D        | Reached skill level 4 in Air Magic
    70 | D        | Noticed Sigmund
    73 | D        | Killed from afar by Sigmund

Action                   || total
-------------------------++-------
 Cast: Shock             ||     3
